 Dungeon Crawl Stone Soup version 0.17.0-9-g801d43b (console) character file.

727 gw the Cudgeler (level 7, -8/64 HPs)
             Began as a Deep Dwarf Fighter on Nov 9, 2015.
             Mangled by a gnoll
             ... wielding a +0 halberd
              (9 damage)
             ... on level 5 of the Dungeon.
             The game lasted 00:07:11 (5017 turns).

gw the Cudgeler (Deep Dwarf Fighter)                Turns: 5017, Time: 00:07:11

Health: -8/64      AC: 14    Str: 19    XL:     7   Next: 44%
Magic:  0/0        EV:  3    Int:  9    God:
Gold:   307        SH: 10    Dex: 14    Spells: 0 memorised, 6 levels left

rFire  . . .     SeeInvis .     a - +0 flail
rCold  . . .     Clarity  .     d - +0 plate armour
rNeg   . . .     SustAt   .     c - +0 shield
rPois  .         Gourm    .     (no helmet)
rElec  .         Spirit   .     k - +0 cloak
rCorr  +         Warding  .     i - +0 pair of gloves
rMut   .         Stasis   .     (no boots)
MR     +....                    h - amulet of resist corrosion
Stlth  ..........               (no ring)
                                (no ring)

@: non-regenerating, somewhat resistant to hostile enchantments, extremely
unstealthy
A: damage resistance, recharge devices, sense surroundings 1, slow regeneration
3
a: Device Recharging


You were on level 5 of the Dungeon.
You were very hungry.

You visited 1 branch of the dungeon, and saw 5 of its levels.

You collected 307 gold pieces.

Inventory:

Hand Weapons
 a - a +0 flail (weapon)
Missiles
 b - a tomahawk (quivered)
 g - 156 stones
 j - 32 poisoned needles
Armour
 c - a +0 shield (worn)
 d - a +0 plate armour (worn)
 i - a +0 pair of gloves (worn)
 k - a +0 cloak (worn)
Jewellery
 h - an amulet of resist corrosion (around neck)
Wands
 e - a wand of heal wounds (0)
Comestibles
 f - 3 bread rations


   Skills:
 + Level 4.2 Fighting
 * Level 5.0 Maces & Flails
 + Level 2.9 Throwing
 + Level 4.6 Armour
 + Level 5.0 Shields


You had 6 spell levels left.
You didn't know any spells.

Dungeon Overview and Level Annotations

Branches:
Dungeon (5/15)
 Temple: D:4-7

Altars:
Cheibriados
Nemelex Xobeh
Okawaru
Trog


Innate Abilities, Weirdness & Mutations

You are resistant to damage.
You can recharge devices by infusing magical energy.
You passively map a small area around you.
You do not regenerate naturally.


Message History

Unknown command.
MOVING TO (-1,0)
The gnoll hits you from afar with a halberd.
Unknown command.
Unknown command.
Unknown command.
ATTACK MOVE TO (1,0)
You block the gnoll's attack. The gnoll hits you but does no damage.
Unknown command.
Unknown command.
Unknown command.
Unknown command.
MOVING TO (-1,0) Unknown command.
Unknown command.
Unknown command.
ATTACK MOVE TO (1,0)
The gnoll hits you with a halberd.
The gnoll hits you from afar with a halberd!
You die...

#.##.)..###)....#
#......*
#.###.##.#.###.## #.#..#
##.###.###)......#
#.#..#####.
#............##..#
#..........
#..###.#####<##..#
###(.##### #..###.#
#.##..#####...#####
#..[...#
#!##.....##.#......
#..#####
#.##.###.##.#..#### #..#
#.##.ggg.......# #..#
#.######.##)#.##
#..#########.#
#.##.#.#**
#............# ##.##.#..
##.###############...#.#
#. #.# #....%.........#
.#
#.######.########...###
# #..................##
* *
#.######.#########..#


You could see 2 gnolls.

Table legend:
 A = Turns spent in this place as a percentage of turns spent in the entire game.
 B = Non-inter-level travel turns spent in this place as a percentage of non-inter-level travel turns spent in the entire game.
 C = Inter-level travel turns spent in this place as a percentage of turns spent in this place.
 D = Turns resting spent in this place as a percentage of non-inter-level travel turns spent in this place.
 E = Turns spent auto-exploring this place as a percentage of non-inter-level travel turns spent in this place.
 F = Non-inter-level travel turns spent in this place divided by the number of levels of this place that you've seen.
                   A       B       C       D       E      F
               +-------+-------+-------+-------+-------+----------------------
         Total | 100.0 | 100.0 |   0.3 |   0.0 |   1.7 | 2200.8
       Dungeon | 100.0 | 100.0 |   0.3 |   0.0 |   1.7 | 2200.8
               +-------+-------+-------+-------+-------+----------------------

Table legend:
 A = Kills in this place as a percentage of kills in entire the game.
 B = Kills by you in this place as a percentage of kills by you in the entire game.
 C = Kills by friends in this place as a percentage of kills by friends in the entire game.
 D = Other kills in this place as a percentage of other kills in the entire game.
 E = Experience gained in this place as a percentage of experience gained in the entire game.
 F = Experience gained in this place divided by the number of levels of this place that you have seen.
                   A       B       C       D       E      F
               +-------+-------+-------+-------+-------+----------------------
         Total | 100.0 | 100.0 |  -nan |  -nan | 100.0 | 207.8
       Dungeon | 100.0 | 100.0 |  -nan |  -nan | 100.0 | 207.8
               +-------+-------+-------+-------+-------+----------------------

Vanquished Creatures
  Menkaure (D:5)
  Duvessa (D:5)
  Dowan (D:5)
  A giant frog (D:5)
  A crimson imp (D:5)
  An orc priest (D:3)
  5 orc wizards
  2 worker ants
  5 adders
  A gnoll (D:5)
  An ooze (D:1)
  An adder skeleton (D:4)
  4 worms
  20 orcs
  7 hobgoblins
  2 jackals (D:4)
  4 ball pythons
  7 bats
  A giant cockroach (D:2)
  4 giant geckos
  A giant gecko skeleton (D:4)
  5 giant newts
  5 goblins
  6 kobolds
  A quokka skeleton (D:4)
  8 rats
96 creatures vanquished.

Notes
Turn   | Place    | Note
--------------------------------------------------------------
     0 | D:1      | gw the Deep Dwarf Fighter began the quest for the Orb.
     0 | D:1      | Reached XP level 1. HP: 20/20 MP: 1/1
   281 | D:1      | Reached XP level 2. HP: 25/27 MP: 2/2
   983 | D:2      | Reached XP level 3. HP: 18/33 MP: 3/3
  1323 | D:2      | Reached skill level 1 in Throwing
  2150 | D:3      | Reached XP level 4. HP: 32/42 MP: 4/4
  2201 | D:3      | Found a snail-covered altar of Cheibriados.
  2215 | D:3      | Reached skill level 4 in Shields
  2252 | D:3      | Found a sparkling altar of Nemelex Xobeh.
  2259 | D:3      | Reached XP level 5. HP: 26/49 MP: 5/5
  3052 | D:4      | Reached XP level 6. HP: 49/57 MP: 6/6
  4268 | D:4      | Found a bloodstained altar of Trog.
  4269 | D:4      | Found an iron altar of Okawaru.
  4341 | D:5      | Entered Level 5 of the Dungeon
  4341 | D:5      | Noticed Duvessa
  4341 | D:5      | Noticed Dowan
  4351 | D:5      | Noticed Menkaure
  4374 | D:5      | Killed Menkaure
  4376 | D:5      | Killed Duvessa
  4376 | D:5      | Reached XP level 7. HP: 49/64 MP: 4/4
  4410 | D:5      | Killed Dowan
  4547 | D:5      | Reached skill level 5 in Shields
  4679 | D:5      | Reached skill level 5 in Maces & Flails
  5017 | D:5      | HP: 1/64 [gnoll/halberd (5)]
  5017 | D:5      | Mangled by a gnoll

Action                   |  1- 3 |  4- 6 |  7- 9 || total
-------------------------+-------+-------+-------++-------
Melee: Flail             |   124 |   150 |    48 ||   322
Throw: Stone             |    91 |   195 |    25 ||   311
       Tomahawk          |       |     7 |     9 ||    16
 Abil: Device Recharging |       |     3 |     4 ||     7
Evoke: Wand              |     1 |    12 |    15 ||    28
  Use: Potion            |       |     2 |       ||     2
  Eat: Chunk             |     3 |     5 |       ||     8
       Bread ration      |       |     1 |       ||     1

Vault maps used:
D:1:      dpeg_arrival_rooms_with_view
D:2:      hex_tiny, st_stairs_10, minmay_misc_feat_cross
D:3:      overflow_temple_1_default, cheibriados_altar_1
D:4:      grunt_temple_overflow_bloody_war, serial_co_window_serial,
          co_window_of_opportunity_a, co_window_corner_a, co_window_paths_b,
          co_window_paths_a, co_window_corner_a, co_window_corner_a,
          co_window_paths_b, co_window_paths_b, co_window_paths_a,
          co_window_paths_c, co_window_of_opportunity_b, co_window_corner_b,
          glass_columns_b, glass_columns_c, glass_columns_a, glass_columns_a,
          glass_columns_b, first_bread
D:5:      lightli_sewer_entry_pipes, kennysheep_potato, uniq_duvessa,
          uniq_menkaure
